 Dungeon Crawl Stone Soup version 0.16.1 (webtiles) character file.

449 McCoppin the Covert (level 7, -2/46 HPs)
             Began as an Octopode Fighter on Mar 23, 2015.
             Was a Follower of Okawaru.
             Slain by a wight
             ... wielding a +1 great sword
              (10 damage)
             ... on level 4 of the Dungeon on Mar 24, 2015.
             The game lasted 00:14:06 (3680 turns).

McCoppin the Covert (Octopode Fighter)              Turns: 3680, Time: 00:14:06

Health: -2/46      AC:  3    Str: 15    XL:     7   Next: 4%
Magic:  7/7        EV: 10    Int: 10    God:    Okawaru [*.....]
Gold:   189        SH:  8    Dex: 14    Spells: 0 memorised, 6 levels left

rFire  . . .     SeeInvis .     a - +0 long sword
rCold  . . .     Clarity  .     o - +0 shield
rNeg   . . .     SustAb   .     s - +2 hat
rPois  +         Gourm    .     (no amulet)
rElec  .         Spirit   .     q - ring of poison resistance
rCorr  .         Warding  .     (no ring)
rMut   .         Stasis   .     (no ring)
MR     .....                    (no ring)
Stlth  ++++++....               (no ring)
                                (no ring)
                                (no ring)
                                (no ring)

@: drained, not resistant to hostile enchantments, very stealthy
A: almost no armour, amphibious, 8 rings, constrict 8, camouflage 1, spit poison
1, gelatinous body 1
a: Spit Poison, Heroism, Renounce Religion


You were on level 4 of the Dungeon.
You worshipped Okawaru.
Okawaru was aware of your devotion.
You were near starving.

You visited 1 branch of the dungeon, and saw 4 of its levels.

You collected 189 gold pieces.

Inventory:

Hand weapons
 a - a +0 long sword (weapon)
 b - a +0 blowgun
 c - a +0 dagger
Missiles
 h - 37 poisoned needles
Armour
 o - a +0 shield (worn)
 s - a +2 hat (worn)
Jewellery
 q - a ring of poison resistance (left tentacle)
Scrolls
 i - 2 scrolls of remove curse
 l - 3 scrolls of teleportation
 n - a scroll of random uselessness
 u - 2 scrolls of enchant armour {unknown}
Potions
 e - 2 potions of might
 g - a potion of resistance {unknown}
 p - a potion of restore abilities
 r - 2 potions of flight
Comestibles
 d - 5 bread rations
 f - 3 meat rations
 j - a beef jerky
 k - 5 fruits


   Skills:
 + Level 3.0(2.4) Fighting
 + Level 2.0(1.4) Long Blades
 - Level 3.0(2.4) Dodging
 - Level 10.0(9.3) Stealth
 - Level 3.0(2.4) Shields


You had 6 spell levels left.
You didn't know any spells.

Dungeon Overview and Level Annotations

Branches:
Dungeon (4/15)
 Temple: D:4-7

Altars:
Fedhas
Makhleb
Okawaru
Yredelemnul


Innate Abilities, Weirdness & Mutations

You cannot wear most types of armour.
You are amphibious.
You can wear up to eight rings at the same time.
You can use your tentacles to constrict many enemies at once.
Your skin changes colour to match your surroundings (Stealth).
Your rubbery body absorbs attacks (AC +1).
You can spit poison.


Message History

The wight is lightly damaged.
You block the wight's attack.
You barely miss the wight. Your grab misses the wight.
The wight is lightly damaged.
You block the wight's attack.
Drink which item? (? for menu, Esc to quit)
You feel better. You block the wight's attack.
You hit the wight but do no damage. Your grab misses the wight.
The wight is lightly damaged.
The wight hits you with an enchanted great sword.
You barely miss the wight. You grab the wight.
The wight is lightly damaged.
You constrict the wight.
The wight hits you with an enchanted great sword!
* * * LOW HITPOINT WARNING * * *
You hit the wight but do no damage.
The wight is moderately damaged.
You constrict the wight, but do no damage.
The wight hits you with an enchanted great sword!
You die...

...#...# #...## ....# ..###..##
#...### ..... ..# #...#
###.....###... .## ##..##
###.............. ##
#...######..............z##
.#####...#..........###..........
....###..........<..# ###.zz....
#........##.........# .....
####....#####...@z..# ####..##
###..# ##...#..###......# #.##
###..#).).##..#...# ###
##..######### #.# ####


You could see a wight.

Vanquished Creatures
  A hippogriff (D:4)
  3 wights (D:4)
  An orc priest (D:3)
  2 worker ants (D:4)
  Ijyb (D:2)
  A gnoll (D:1)
  3 adders
  A worm (D:2)
  9 orcs
  5 bats
  9 hobgoblins
  8 kobolds
  A giant cockroach (D:1)
  A giant gecko (D:3)
  2 giant newts
  16 goblins
  4 jackals (D:4)
  7 rats
75 creatures vanquished.

Notes
Turn   | Place    | Note
--------------------------------------------------------------
     0 | D:1      | McCoppin, the Octopode Fighter, began the quest for the Orb.
     0 | D:1      | Reached XP level 1. HP: 16/16 MP: 1/1
     8 | D:1      | Reached skill level 1 in Stealth
   208 | D:1      | Reached XP level 2. HP: 6/21 MP: 2/2
   521 | D:1      | You fall through a shaft!
   521 | D:2      | Found a blossoming altar of Fedhas.
   657 | D:2      | Reached XP level 3. HP: 26/26 MP: 3/3
   745 | D:2      | Noticed Ijyb
   810 | D:2      | Killed Ijyb
   810 | D:2      | Reached skill level 4 in Stealth
   985 | D:2      | Found an iron altar of Okawaru.
   990 | D:2      | Became a worshipper of Warmaster Okawaru
  1476 | D:3      | Reached skill level 5 in Stealth
  1476 | D:3      | Reached XP level 4. HP: 29/31 MP: 4/4
  1667 | D:3      | Gained mutation: You can spit poison. [potion of beneficial mutation]
  2147 | D:3      | Reached skill level 6 in Stealth
  2149 | D:3      | Reached XP level 5. HP: 36/36 MP: 5/5
  2225 | D:3      | Found a burning altar of Makhleb.
  2445 | D:4      | Found a basalt altar of Yredelemnul.
  2510 | D:4      | Noticed a hippogriff
  2522 | D:4      | Killed a hippogriff
  2522 | D:4      | Acquired Okawaru's first power
  2522 | D:4      | Reached skill level 8 in Stealth
  2522 | D:4      | Reached XP level 6. HP: 36/42 MP: 6/6
  3031 | D:4      | Reached skill level 9 in Stealth
  3616 | D:4      | Reached skill level 10 in Stealth
  3616 | D:4      | Reached XP level 7. HP: 40/46 MP: 7/7
  3680 | D:4      | Slain by a wight

Action                   |  1- 3 |  4- 6 |  7- 9 || total
-------------------------+-------+-------+-------++-------
Melee: Long sword        |    42 |    99 |     7 ||   148
 Fire: Blowgun           |       |    11 |       ||    11
  Use: Scroll            |       |    11 |       ||    11
       Potion            |       |     5 |     2 ||     7
 Stab: Sleeping          |     3 |    13 |       ||    16
       Distracted        |       |     1 |       ||     1
  Eat: Chunk             |       |     7 |       ||     7
